 Dungeon Crawl Stone Soup version 0.30.1-11-g7821555f0a (webtiles) character file.

Game seed: 251939013097791583

483 hawla the Twirler (level 6, -1/49 HPs)
             Began as a Draconian Conjurer on Jan 8, 2024.
             Was a Follower of Vehumet.
             Slain by a howler monkey (6 damage)
             ... on level 5 of the Dungeon.
             The game lasted 00:17:24 (4263 turns).

hawla the Twirler (Draconian Conjurer)              Turns: 4263, Time: 00:17:24

Health: -1/49      AC:  9    Str:  9    XL:     6   Next: 87%
Magic:  0/9        EV: 12    Int: 19    God:    Vehumet [*.....]
Gold:   166        SH:  0    Dex: 13    Spells: 2/9 levels left

rFire   . . .        h - +0 quarterstaff
rCold   . . .        (shield currently unavailable)
rNeg    . . .        (body armour unavailable)
rPois   .            (helmet restricted)
rElec   .            (no cloak)
rCorr   .            (no gloves)
SInv    .            e - +2 pair of boots
Will    .....        (no amulet)
Stlth   ++           (no ring)
HPRegen 0.28/turn    (no ring)
MPRegen 0.11/turn

%: no passive effects
@: brilliant, very slightly contaminated
A: AC +6, unfitting armour, cold-blooded, horns 1, agile 1, robust 1
a: Renounce Religion


You were on level 5 of the Dungeon.
You worshipped Vehumet.
Vehumet was aware of your devotion.
You visited 1 branch of the dungeon, and saw 5 of its levels.

You collected 166 gold pieces.

Inventory:

Hand Weapons
 h - a +0 quarterstaff (weapon)
Armour
 e - a +2 pair of boots (worn)
Magical Staves
 g - a staff of conjuration
 j - a staff of air
Scrolls
 b - 3 scrolls of enchant armour


   Skills:
 + Level 5.6 Staves
 - Level 2.0 Dodging
 - Level 1.9 Stealth
 - Level 2.1 Spellcasting
 - Level 4.8 Conjurations
 + Level 0.8 Translocations
 + Level 2.2 Evocations


You had 2 spell levels left.
You knew the following spells:

 Your Spells              Type           Power      Damage    Failure   Level
a - Magic Dart            Conj           100%       1d8       2%          1
b - Searing Ray           Conj           60%        2d6       3%          2
c - Iskenderun's Mystic   Conj/Tloc      19%        2d6       45%         4

Your spell library contained the following spells:

 Spells                   Type           Power      Damage    Failure   Level
 Shock                    Conj/Air       64%        1d7       6%          1
 Beastly Appendage        Tmut           6%         N/A       17%         1
 Cigotuvi's Dreadful Rot  Necr/Pois/Air  6%         N/A       26%         2
 Wereblood                Tmut           3%         N/A       26%         2
 Dazzling Flash           Conj/Hex       32%        N/A       19%         3
 Ignite Poison            Fire/Tmut/Pois 3%         N/A       45%         3
 Spider Form              Tmut/Pois      3%         N/A       45%         3
 Fulminant Prism          Conj/Hex       8%         3d6       52%         4
 Passage of Golubria      Tloc           7%         N/A       75%         4
 Freezing Cloud           Conj/Ice/Air   6%         6-21      94%         5
 Silence                  Hex/Air        1%         N/A       99%         5
 Lehudib's Crystal Spear  Conj/Erth      8%         10d3      100%        8


Dungeon Overview and Level Annotations

Branches:
Dungeon (5/15)
 Temple: D:4-7

Altars:
Vehumet
Wu Jian
Yredelemnul

Shops:
D:2 =


Innate Abilities, Weirdness & Mutations

Your plain brown scales are hard. (AC +6)
You cannot fit into any form of body armour.
You are cold-blooded and may be slowed by cold attacks.
You have a pair of small horns on your head.
You are agile. (Dex +4, Str/Int -1)
You are robust. (+10% HP)


Message History

The howler monkey hoots and howls with incredible vigour!
You hear a shout!
You hit the scorpion but do no damage.
Your tail-slap misses the scorpion.
The scorpion is almost dead.
You feel sick.
The scorpion stings you but does no damage.
The howler monkey hits you.
* * * LOW HITPOINT WARNING * * *
You hit the scorpion. Your headbutt misses the scorpion.
You tail-slap the scorpion, but do no damage.
The scorpion is almost dead.
You feel sick.
You are no longer poisoned.
The scorpion stings you but does no damage.
The howler monkey hits you.
* * * LOW HITPOINT WARNING * * *
You hit the scorpion.
You kill the scorpion!
Vehumet accepts your kill.
The howler monkey hits you but does no damage.
The howler monkey closely misses you.
You barely miss the howler monkey. You tail-slap the howler monkey.
The howler monkey is moderately wounded.
The howler monkey barely misses you.
Casting: Searing Ray (safe; 3% risk of failure)
Confirm with . or Enter, or press ? or * to list all spells.
You don't know that spell.
Unknown command.
Casting: Searing Ray (safe; 3% risk of failure)
Confirm with . or Enter, or press ? or * to list all spells.
You don't know that spell.
Casting: Searing Ray (safe; 3% risk of failure)
Confirm with . or Enter, or press ? or * to list all spells.
Aiming: Magic Dart (safe; 2% risk of failure)
Press: ? - help, Shift-Dir - straight line, f - howler monkey
Aim: a howler monkey (moderately wounded, 100% to hit)
You feel a surge of power!
The magic dart hits the howler monkey.
The howler monkey is moderately wounded.
The howler monkey hits you.
You die...

.......## #..#
........####.## ######
.........##..####.....##
.............#.........#
........................
............#...........
...........##...........
....[.....##..(.........
.........###....@.......
........###.....h†......
........# #.............
.......## #.............
.......# #..............
......## #..............
....### #..............
....# #.......)......
...##


You could see a howler monkey.

Vanquished Creatures
  An ogre (D:4)
  A phantom (D:4)
  2 scorpions
  An orc priest (D:4)
  An orc wizard (D:4)
  5 gnolls
  4 adders
  2 worms
  A dart slug (D:3)
  3 orcs (D:4)
  6 bats
  6 endoplasms
  4 giant cockroaches
  8 hobgoblins
  7 jackals
  A kobold (D:1)
  A quokka (D:5)
  6 ball pythons
  3 frilled lizards
  8 goblins
  3 rats
74 creatures vanquished.

Notes
Turn   | Place    | Note
-------+----------+-------------------------------------------
     0 | D:1      | hawla the Draconian Conjurer began the quest for the Orb.
     0 | D:1      | Reached XP level 1. HP: 14/14 MP: 3/3
   234 | D:1      | Reached XP level 2. HP: 20/20 MP: 1/5
   379 | D:1      | Learned a level 2 spell: Searing Ray
   884 | D:2      | Found a radiant altar of Vehumet.
   888 | D:2      | Found Lukiafaun's Jewellery Shop.
   895 | D:2      | Became a worshipper of Vehumet
   976 | D:2      | Reached XP level 3. HP: 26/26 MP: 3/6
  1677 | D:2      | Reached skill level 1 in Evocations
  2319 | D:3      | Reached XP level 4. HP: 33/33 MP: 1/7
  2327 | D:3      | Reached skill level 1 in Staves
  2337 | D:3      | Learned a level 4 spell: Iskenderun's Mystic Blast
  2388 | D:3      | Found a basalt altar of Yredelemnul.
  2747 | D:3      | Reached * piety under Vehumet
  2747 | D:3      | Offered knowledge of Shock by Vehumet.
  2984 | D:3      | Reached skill level 2 in Staves
  3184 | D:4      | Reached XP level 5. HP: 38/38 MP: 5/8
  3271 | D:4      | Noticed an ogre
  3276 | D:4      | Killed an ogre
  3277 | D:4      | Reached skill level 3 in Staves
  3367 | D:4      | Noticed a phantom
  3395 | D:4      | Killed a phantom
  3396 | D:4      | Reached skill level 4 in Staves
  3396 | D:4      | Reached XP level 6. HP: 31/45 MP: 1/9
  3617 | D:4      | Reached skill level 5 in Staves
  3813 | D:4      | Found an ornate altar of the Wu Jian Council.
  4092 | D:5      | Entered Level 5 of the Dungeon
  4094 | D:5      | Gained mutation: You have a pair of small horns on your
                  | head. [potion of mutation]
  4094 | D:5      | Gained mutation: You are robust. (+10% HP) [potion of
                  | mutation]
  4094 | D:5      | Gained mutation: You are agile. (Dex +4, Str/Int -1)
                  | [potion of mutation]
  4263 | D:5      | Slain by a howler monkey

Illustrated notes

Levels and vault maps discovered:
D:1:      ncdulo_smallfort, layout_loops_ring, st_stairs_14
D:2:      layout_basic, serial_shops, nicolae_shop_pleasant_corner_grove,
          basic_altar, minmay_misc_feat_five, bh_walls_and_bars
D:3:      layout_basic, mainiacjoe_overflow_tiny_flanked
D:4:      layout_rooms, nicolae_wu_jian_wuxing_cycle, hangedman_feature_mirror
D:5:      layout_cave_pods, makhleb_heckhound_becter, serial_shops, shop,
          nicolae_specific_store, uniq_pikel

Skill      XL: |  1  2  3  4  5  6 |
---------------+-------------------+-----
Dodging        | 2 |  2.0
Evocations     | 2 |  2.2
Staves         | 2 4 5 |  5.6
Stealth        | |  1.9
Spellcasting   | |  2.1
Conjurations   | |  4.8
Translocations | |  0.8

Action                     |  1- 3 |  4- 6 || total
---------------------------+-------+-------++-------
  Melee: Unarmed           |    27 |       ||    27
         Tailslap          |     3 |    11 ||    14
         Staff             |    18 |       ||    18
         Quarterstaff      |       |    63 ||    63
         Headbutt          |       |     2 ||     2
   Cast: Magic Dart        |    55 |    23 ||    78
         Searing Ray       |    10 |    10 ||    20
         Iskenderun's Myst |       |     2 ||     2
    Use: Potion            |     3 |     3 ||     6
         Scroll            |     7 |     4 ||    11
   Stab: Sleeping          |     1 |     2 ||     3
 Armour: Skin              |    28 |    47 ||    75
  Dodge: Dodged            |    60 |    67 ||   127
